 Dungeon Crawl Stone Soup version 0.31-a0-726-g3c93526463 (webtiles) character file.

Game seed: 12834178691181987061

331 Bnni the Vexing (level 6, 0/46 HPs)
             Began as a Formicid Hexslinger on Sept 11, 2023.
             Succumbed to an adder's poison
             ... on level 3 of the Dungeon.
             The game lasted 00:04:12 (1772 turns).

Bnni the Vexing (Formicid Hexslinger)               Turns: 1772, Time: 00:04:12

Health: 0/46       AC:  3    Str: 13    XL:     6   Next: 81%
Magic:  8/9        EV: 12    Int: 12    God:
Gold:   142        SH:  0    Dex: 18    Spells: 4/9 levels left

rFire   . . .        a - +1 sling
rCold   . . .        (no shield)
rNeg    . . .        c - +0 robe
rPois   .            (helmet unavailable)
rElec   .            (no cloak)
rCorr   +            (no gloves)
SInv    +            o - +0 pair of boots
Will    .....        (no amulet)
Stlth   ++           f - ring of resist corrosion
HPRegen 0.27/turn    j - +4 ring of slaying
MPRegen 0.11/turn

%: no passive effects
@: mighty, lethally poisoned (0 -> -3), weak-willed, attractive
A: permanent stasis, dig shafts and tunnels, antennae 3, four strong arms
a: Dig, Shaft Self


You were on level 3 of the Dungeon.
You visited 1 branch of the dungeon, and saw 3 of its levels.

You collected 142 gold pieces.

Inventory:

Hand Weapons
 a - a +1 sling (weapon)
Armour
 c - a +0 robe (worn)
 o - a +0 pair of boots (worn)
Jewellery
 f - a ring of resist corrosion (left hand)
 j - a +4 ring of slaying (right hand)
 m - an amulet of magic regeneration
Scrolls
 b - a scroll of poison
 d - a scroll of teleportation {unknown}
 g - a scroll of enchant weapon {unknown}
 h - a scroll of amnesia {unknown}
 i - a scroll of noise {unknown}
 l - a scroll of immolation {unknown}
 n - 3 scrolls of identify {unknown}


   Skills:
 + Level 2.5 Fighting
 * Level 3.7 Ranged Weapons
 - Level 1.7 Dodging
 + Level 2.4 Spellcasting
 * Level 5.4 Hexes
 - Level 3.0 Fire Magic


You had 4 spell levels left.
You knew the following spells:

 Your Spells              Type           Power      Damage    Failure   Level
a - Jinxbite              Hex            28%        N/A       4%          2
b - Sigil of Binding      Hex            14%        N/A       9%          3

Your spell library contained the following spells:

 Spells                   Type           Power      Damage    Failure   Level
 Inner Flame              Hex/Fire       11%        N/A       14%         3
 Necrotise                Necr           4%         1d4       26%         1
 Cause Fear               Hex            7%         N/A       28%         4
 Cigotuvi's Dreadful Rot  Necr/Pois/Air  2%         N/A       36%         2
 Anguish                  Hex/Necr       3%         N/A       65%         4
 Dimensional Bullseye     Hex/Tloc       3%         N/A       65%         4
 Borgnjor's Vile Clutch   Necr/Erth      0%         N/A       100%        5


Dungeon Overview and Level Annotations

Branches:
Dungeon (3/15)

Altars:


Innate Abilities, Weirdness & Mutations

You cannot be hasted, slowed, berserked, paralysed or teleported.
You can dig through walls and to a lower floor.
You have a pair of large antennae on your head. (SInv)
Your four strong arms can wield two-handed weapons with a shield.


Message History

The adder misses you. The orc barely misses you.
The orc wizard closely misses you.
Unknown command.
You shoot a sling bullet. The sling bullet misses the orc wizard.
A giggling sprite leaps out and makes the orc wizard trip over its own feet.
You kill the orc wizard!
The jinxing sprites lose interest in you.
The adder barely misses you. The orc barely misses you. The adder bites you.
You are poisoned.
The adder poisons you!
You shoot a sling bullet. The sling bullet hits the adder.
The adder is severely wounded.
You feel sick. The adder closely misses you.
The orc hits you with a +0 hand axe. The adder bites you.
* * * LOW HITPOINT WARNING * * *
You are more poisoned.
The adder poisons you!
You shoot a sling bullet. The sling bullet hits the adder!
You kill the adder!
You feel very sick. The orc hits you with a +0 hand axe.
* * * LOW HITPOINT WARNING * * *
A kobold comes into view. It is carrying a wand of flame.
The orc closely misses you.
It was a potion of might.
You feel very mighty all of a sudden.
You feel sick. The orc hits you with a +0 hand axe.
* * * LOW HITPOINT WARNING * * *
It was a potion of attraction.
You feel attractive to monsters.
* * * LOW HITPOINT WARNING * * *
You feel sick. The orc barely misses you. The kobold is attracted toward you.
You shoot a sling bullet. The sling bullet hits the orc!
You kill the orc!
* * * LOW HITPOINT WARNING * * *
You feel sick.
The kobold zaps a wand.
The puff of flame misses you. The kobold is attracted toward you.
You shoot a sling bullet.
The sling bullet closely misses the kobold.
You die...

.+ . { )# .. .#
... .# .
..####.## # #..
......#.##.
#....#.........
#......@[......
......K)†......
.....§.).)#....
..........†....
............. .
........#...##
.!......#...#
........#...#


You could see a kobold.

Vanquished Creatures
  Sigmund (D:2)
  An orc wizard (D:3)
  4 gnolls
  6 adders
  2 dart slugs
  3 orcs (D:3)
  2 ball pythons
  3 endoplasms
  5 giant cockroaches
  5 goblins
  4 hobgoblins
  2 jackals (D:2)
  3 quokkas
  4 bats
  2 frilled lizards (D:2)
  10 kobolds
  3 rats
60 creatures vanquished.

Notes
Turn   | Place    | Note
-------+----------+-------------------------------------------
     0 | D:1      | Bnni the Formicid Hexslinger began the quest for the Orb.
     0 | D:1      | Reached XP level 1. HP: 15/15 MP: 2/2
   118 | D:1      | Reached XP level 2. HP: 21/21 MP: 3/3
   126 | D:1      | Learned a level 2 spell: Jinxbite
   223 | D:1      | Reached skill level 4 in Hexes
   223 | D:1      | Reached XP level 3. HP: 26/26 MP: 3/5
   513 | D:2      | Noticed Sigmund
   518 | D:2      | Killed Sigmund
   519 | D:2      | Reached XP level 4. HP: 33/33 MP: 3/7
   519 | D:2      | Reached XP level 5. HP: 38/38 MP: 3/8
   580 | D:2      | Learned a level 3 spell: Sigil of Binding
   612 | D:2      | Reached XP level 6. HP: 6/43 MP: 4/9
   771 | D:2      | Reached skill level 5 in Hexes
   914 | D:2      | Found a faded altar of an unknown god.
  1325 | D:2      | Got the Directory of the Sixfirhy and Bones
  1770 | D:3      | HP: 2/46 [poisoned by an adder]
  1772 | D:3      | Succumbed to an adder's poison

Illustrated notes

Levels and vault maps discovered:
D:1:      pf_arrival_petrified_forest, layout_rooms
D:2:      layout_loops_corners, shapermc_ecumenical_altar_hornbeckon,
          minmay_between, uniq_sigmund
D:3:      layout_basic, vehumet_altar_wand_db

Skill      XL: |  1  2  3  4  5  6 |
---------------+-------------------+-----
Hexes          | 4 5 |  5.4
Fighting       | 2 |  2.5
Ranged Weapons | 3 |  3.7
Spellcasting   | 2 |  2.4
Fire Magic     | 2 3 |  3.0
Dodging        | |  1.7

Action                     |  1- 3 |  4- 6 || total
---------------------------+-------+-------++-------
   Fire: Sling             |    55 |   109 ||   164
   Cast: Jinxbite          |     1 |     4 ||     5
         Sigil of Binding  |       |     1 ||     1
Ability: Dig               |       |     1 ||     1
    Use: Potion            |       |     2 ||     2
 Armour: Robe              |     9 |    37 ||    46
  Dodge: Dodged            |    13 |    42 ||    55

Table legend: (Time is in decaauts)
 A = Elapsed time spent in this place.
 B = Non-inter-level travel time spent in this place.
 C = Inter-level travel time spent in this place.
 D = Time resting spent in this place.
 E = Time spent auto-exploring this place.
 F = Levels seen in this place.
 G = Mean time per level.
                   A        B        C        D        E       F      G
               +--------+--------+--------+--------+--------+-----+--------+
         Total |   1816 |   1775 |     41 |    125 |   1309 |   3 |  605.3 |
       Dungeon |   1816 |   1775 |     41 |    125 |   1309 |   3 |  605.3 |
               +--------+--------+--------+--------+--------+-----+--------+

Top non-repeatable levels by time:
     D:2: 1142 daAuts
     D:1: 650 daAuts
     D:3: 23 daAuts
